 Dungeon Crawl Stone Soup version 0.23.2-33-g5129a83184 (webtiles) character file.

Game seed: 17382049175536370243

21992 Revguard the Severer (level 12, -19/106 HPs)
             Began as a Hill Orc Fighter on July 20, 2019.
             Was a High Priest of Yredelemnul.
             Killed from afar by a fire dragon (46 damage)
             ... with a blast of flame
             ... on level 13 of the Dungeon.
             The game lasted 00:43:04 (12937 turns).

Revguard the Severer (Hill Orc Fighter)            Turns: 12937, Time: 00:43:05

Health: -19/106    AC: 14    Str: 25    XL:     12   Next: 95%
Magic:  16/16      EV: 11    Int: 12    God:    Yredelemnul [*****.]
Gold:   1273       SH: 16    Dex: 14    Spells: 11/11 levels left

rFire    . . .     SeeInvis +   a - +1 war axe
rCold    . . .     Gourm    .   c - +1 shield
rNeg     + + +     Faith    .   u - +0 chain mail of Wokk {*Contam rN+++ Int+4 SInv}
rPois    .         Spirit   .   (no helmet)
rElec    +         Reflect  +   z - +0 cloak
rCorr    .         Harm     .   (no gloves)
MR       .....                  g - +0 pair of boots
Stlth    ..........             v - +3 amulet of reflection
HPRegen  0.27/turn              F - +5 ring of strength
MPRegen  0.15/turn              H - +2 ring of evasion

@: no status effects
A: claws 1, low mp 1, electricity resistance
a: Recall Undead Slaves, Injury Mirror, Animate Dead, Drain Life, Enslave Soul,
Renounce Religion


You were on level 13 of the Dungeon.
You worshipped Yredelemnul.
Yredelemnul was extremely pleased with you.
You were hungry.

You visited 2 branches of the dungeon, and saw 14 of its levels.
You also visited: Bailey.

You collected 1510 gold pieces.
You spent 237 gold pieces at shops.

Inventory:

Hand Weapons
 a - a +1 war axe (weapon)
Armour
 c - a +1 shield (worn)
 g - a +0 pair of boots (worn)
 u - the +0 chain mail of Wokk (worn) {*Contam rN+++ Int+4 SInv}
   (You bought it in a shop on level 6 of the Dungeon)

   It affects your intelligence (+4).
   It renders you almost immune to negative energy.
   It lets you see invisible.
   It causes magical contamination when unequipped.
 z - a +0 cloak (worn)
Jewellery
 h - an uncursed ring of protection from cold
 s - a +6 ring of intelligence
 v - a +3 amulet of reflection (around neck)
 F - a +5 ring of strength (left claw)
 G - a +2 ring of protection
 H - a +2 ring of evasion (right claw)
Wands
 j - a wand of polymorph (6)
 q - a wand of disintegration (8)
 y - a wand of paralysis (4)
 B - a wand of iceblast (8)
 D - a wand of flame (18)
 E - a wand of random effects (18)
 L - a wand of scattershot (3)
Scrolls
 b - a scroll of teleportation
 e - a scroll of enchant weapon
 i - 2 scrolls of magic mapping
 k - a scroll of noise
 m - a scroll of remove curse
 o - 6 scrolls of identify
 r - 2 scrolls of blinking
 t - 2 scrolls of immolation
 x - 3 scrolls of fear
 A - a scroll of fog
 K - a scroll of holy word
Potions
 d - 4 potions of might
 l - 6 potions of curing
 n - a potion of haste
 p - 2 potions of cancellation
 w - 2 potions of degeneration
 C - 2 potions of flight
 J - 2 potions of lignification
 M - a potion of mutation
Miscellaneous
 I - a lamp of fire
Comestibles
 f - 16 rations


   Skills:
 + Level 9.9 Fighting
 + Level 15.0 Axes
 + Level 9.8 Armour
 + Level 3.4 Dodging
 + Level 9.3 Shields
 * Level 6.9 Invocations
 + Level 8.5 Evocations


You had 11 spell levels left.
You didn't know any spells.
Your spell library contained the following spells:

 Spells                   Type           Power        Failure   Level  Hunger
 Beastly Appendage        Tmut           #.....       98%         1    ##.....
 Corona                   Hex            #......      98%         1    ##.....
 Magic Dart               Conj           #...         98%         1    ##.....
 Blink                    Tloc           N/A          99%         2    ###....
 Call Imp                 Summ           #.......     99%         2    ###....
 Ensorcelled Hibernation  Hex/Ice        #.....       99%         2    ###....
 Slow                     Hex            #.......     99%         2    ###....
 Sticks to Snakes         Tmut           #.......     99%         2    ###....
 Confuse                  Hex            #.......     100%        3    ####...
 Conjure Flame            Conj/Fire      #.......     100%        3    ####...
 Dazzling Spray           Conj/Hex       #.....       100%        3    ####...
 Mephitic Cloud           Conj/Pois/Air  #.......     100%        3    ####...
 Spider Form              Tmut/Pois      #.........   100%        3    ####...
 Tukima's Dance           Hex            #.......     100%        3    ####...
 Ice Form                 Ice/Tmut       #.......     100%        4    #####..
 Blade Hands              Tmut           #.........   100%        5    ######.


Dungeon Overview and Level Annotations

Branches:
Dungeon (13/15)            Temple (1/1) D:6            Lair (0/6) D:10
    Orc (0/2) D:11
 Vaults: D:13-14

Altars:
Ashenzari
Cheibriados
Dithmenos
Elyvilon
Fedhas
Gozag
Hepliaklqana
Kikubaaqudgha
Makhleb
Nemelex Xobeh
Okawaru
Qazlal
Ru
Sif Muna
Trog
Uskayaw
Vehumet
Wu Jian
Xom
Yredelemnul
Zin
The Shining One

Shops:
D:6 [   D:7 }[


Innate Abilities, Weirdness & Mutations

You have sharp fingernails.
Your magical capacity is low. (-10% MP)
You are resistant to electric shocks. (rElec)


Message History

Your deep elf mage zombie hits the fire dragon with a +0 long sword.
The fire dragon bites your yak zombie! The fire dragon claws your yak zombie!
The fire dragon tramples your yak zombie!
Your yak zombie stumbles backwards!
Your yak zombie is destroyed!
Your yak zombie gores the fire dragon but does no damage.
Your deep elf mage zombie hits the wyvern but does no damage.
The fire dragon bites your yak zombie.
The fire dragon claws your yak zombie but does no damage.
The fire dragon tramples your yak zombie.
Your yak zombie stumbles backwards!
Your yak zombie gores the fire dragon!
The fire dragon bites your yak zombie! The fire dragon claws your yak zombie!
Your yak zombie is destroyed!
Something hits your deep elf mage zombie!!
Your deep elf mage zombie is destroyed!
The fire dragon breathes flames at you. The blast of flame hits you!!!
You die...
Your body rises from the dead as a mindless zombie.

.. .........................
... ......................>..
#.. ########...##############
#..##########...#
##...............##############
..............................[
##.......l.....................
.......)hD.....#...############
####..C.######@#...## ####
#...h..).|#.#..... ....
#.........#.(...... ....
#...D.C)..#.##.##### ####
#.....(...#.##.#
#...Y.....#....#############
........))....HWlDZsZ.......
....(......####Y###########
...........####.##########


You could see a fire dragon, a wyvern and a hound.

Vanquished Creatures
  The ghost of Reshi88 the Geomancer, a journeyman DDEE of Sif Muna (D:10)
  Erolcha (D:10)
  A centaur warrior (D:8)
  3 two-headed ogres
  A slime creature (D:12)
  A cyclops (D:11)
  2 deep elf magi
  The ghost of zuik the Thaumaturge, a novice DEAE of Vehumet (D:6)
  Joseph (D:10)
  A gargoyle (D:12)
  An efreet (D:13)
  2 trolls
  2 hornets (D:10)
  A hippogriff (D:9)
  A spriggan (D:7)
  A wraith (D:8)
  A wyvern (D:8)
  17 yaks
  A steam dragon (D:9)
  A water moccasin (D:7)
  6 orc warriors
  A black bear (D:7)
  4 sky beasts
  3 eyes of draining
  3 ice beasts
  9 ogres
  3 phantoms
  8 centaurs
  2 crocodiles (D:8)
  3 big kobolds
  7 bullfrogs
  5 gnoll sergeants (Bailey)
  A wyvern skeleton (D:8)
  4 scorpions
  11 killer bees
  3 wights (D:10)
  A howler monkey (D:8)
  3 centaur zombies
  10 crimson imps
  2 bullfrog zombies
  2 jellies
  A quasit (D:6)
  8 hounds
  4 gnoll shamans
  3 orc priests
  3 bullfrog skeletons
  2 centaur skeletons
  9 worker ants
  Natasha (thrice) (D:3)
  5 iguanas
  14 orc wizards
  A hound skeleton (D:7)
  A worker ant zombie (D:9)
  9 adders
  13 gnolls
  2 shadow imps (D:6)
  An adder skeleton (D:5)
  2 worms (D:3)
  A dart slug (D:1)
  5 leopard geckos
  39 orcs
  9 bats
  5 giant cockroaches
  6 hobgoblins
  2 jackals (D:1)
  3 quokkas
  2 ball pythons
  2 frilled lizards (D:2)
  7 goblins
  16 kobolds
  A leopard gecko skeleton (D:7)
  2 quokka skeletons
  8 rats
321 creatures vanquished.

Vanquished Creatures (collateral kills)
  A two-headed ogre (D:10)
  An unseen horror (D:11)
  A centaur zombie (D:11)
  A troll (D:12)
  A harpy zombie (D:12)
  A jumping spider (shapeshifter) (D:13)
  A hornet (D:11)
  A spectral meliai (D:10)
  A slime creature (D:13)
  A shadow (D:11)
  A centaur simulacrum (D:10)
  2 yaks
  A wraith (D:11)
  An acid dragon (D:12)
  A water moccasin (D:10)
  2 orc warriors (D:11)
  A phantom (D:10)
  2 ogres
  4 centaurs
  3 gnoll sergeants (Bailey)
  A bullfrog (D:8)
  3 wights
  3 killer bees
  3 howler monkeys (D:8)
  A crimson imp (D:9)
  An orc priest (D:8)
  A centaur skeleton (D:8)
  3 gnoll shamans (Bailey)
  A hound (D:10)
  5 orc wizards
  A killer bee zombie (D:8)
  4 gnolls (Bailey)
  An adder (D:9)
  A shadow imp (D:8)
  An adder skeleton (D:9)
  A worm (D:8)
  A leopard gecko (D:10)
  6 orcs
  A quokka (D:8)
  A leopard gecko skeleton (D:8)
68 creatures vanquished.

Vanquished Creatures (others)
  2 centaur zombies
  2 shadows
  A wraith (D:13)
  3 two-headed ogre zombies
  2 hornet zombies (D:10)
  2 elf zombies
  A hippogriff skeleton (D:9)
  A water moccasin zombie (D:10)
  9 yak zombies
  A bullfrog zombie (D:8)
  An orc wizard (D:9)
  A killer bee zombie (D:9)
  4 ogre zombies
  A big kobold zombie (D:9)
  3 hound zombies
  An ogre skeleton (D:8)
  A hound skeleton (D:8)
  2 mummies
  An iguana zombie (D:11)
  3 orc skeletons
  2 gnoll zombies
  4 kobold zombies (D:9)
  12 orc zombies
  A quokka zombie (D:8)
61 creatures vanquished.

Grand Total: 450 creatures vanquished

Notes
Turn   | Place    | Note
-------+----------+-------------------------------------------
     0 | D:1      | Revguard the Hill Orc Fighter began the quest for the Orb.
     0 | D:1      | Reached XP level 1. HP: 19/19 MP: 1/1
    13 | D:1      | You fall through a shaft!
    74 | D:2      | Found an opulent altar of Gozag.
   108 | D:2      | Reached XP level 2. HP: 23/27 MP: 2/2
   148 | D:2      | Found a radiant altar of Vehumet.
   402 | D:3      | Reached skill level 3 in Axes
   402 | D:3      | Reached XP level 3. HP: 33/33 MP: 3/3
   462 | D:3      | Reached XP level 4. HP: 34/40 MP: 4/4
   641 | D:3      | Noticed Natasha
   651 | D:3      | Killed Natasha
   651 | D:3      | Reached skill level 4 in Axes
   813 | D:3      | Noticed Natasha
   829 | D:3      | Killed Natasha
   829 | D:3      | Reached XP level 5. HP: 31/47 MP: 5/5
  1047 | D:3      | Found a white marble altar of Elyvilon.
  1293 | D:4      | Found a shimmering altar of Xom.
  1350 | D:4      | Reached skill level 5 in Axes
  1726 | D:1      | Reached XP level 6. HP: 53/53 MP: 6/6
  2246 | D:3      | Noticed Natasha
  2252 | D:3      | Killed Natasha
  2333 | D:4      | Reached skill level 6 in Axes
  2350 | D:4      | Reached skill level 5 in Fighting
  2350 | D:4      | Reached skill level 1 in Dodging
  2747 | D:4      | Reached XP level 7. HP: 35/61 MP: 7/7
  2966 | D:4      | Found a stormy altar of Qazlal.
  3113 | D:5      | Entered Level 5 of the Dungeon
  3194 | D:5      | Reached skill level 7 in Axes
  3194 | D:5      | Reached skill level 5 in Armour
  3194 | D:5      | Reached skill level 1 in Evocations
  3948 | D:5      | Found an ornate altar of the Wu Jian Council.
  3959 | D:5      | Got a scorched ring mail
  3979 | D:5      | Identified the +1 ring mail "Abluhog" {MR+} (You found it
                  | on level 5 of the Dungeon)
  4122 | D:6      | Reached XP level 8. HP: 65/68 MP: 9/9
  4126 | D:6      | Reached skill level 5 in Shields
  4177 | D:6      | Reached skill level 8 in Axes
  4422 | D:6      | Found a sacrificial altar of Ru.
  4426 | D:6      | Found a bloodstained altar of Trog.
  4471 | D:6      | Reached skill level 9 in Axes
  4746 | D:6      | Reached XP level 9. HP: 62/75 MP: 11/11
  4825 | D:6      | Found a runed translucent door.
  4826 | D:6      | Noticed zuik's ghost (novice DEAE)
  4904 | D:6      | Killed zuik's ghost
  5175 | D:6      | Found a staircase to the Ecumenical Temple.
  5191 | Temple   | Entered the Ecumenical Temple
  5228 | Temple   | Became a worshipper of Yredelemnul the Dark
  5282 | D:6      | Found Hof Cihe's Antique Armour Shop.
  5286 | D:6      | Bought a brightly glowing chain mail for 237 gold pieces
  5297 | D:6      | Identified the cursed +0 chain mail of Wokk {*Contam rN+++
                  | Int+4 SInv} (You bought it in a shop on level 6 of the
                  | Dungeon)
  5694 | D:7      | Reached skill level 10 in Axes
  5703 | D:7      | Found Subymosch's Antique Armour Shoppe.
  5949 | D:7      | Found Neile's Gadget Shoppe.
  6160 | D:8      | Reached * piety under Yredelemnul
  6167 | D:8      | Reached skill level 11 in Axes
  6176 | D:8      | Reached skill level 5 in Evocations
  6177 | D:8      | Reached XP level 10. HP: 60/84 MP: 13/13
  6232 | D:8      | Noticed a centaur warrior
  6262 | D:8      | Killed a centaur warrior
  6637 | D:8      | Reached skill level 1 in Invocations
  6837 | D:8      | Reached ** piety under Yredelemnul
  6837 | D:8      | Reached skill level 12 in Axes
  7102 | D:8      | Found a snail-covered altar of Cheibriados.
  7442 | D:8      | Gained mutation: You are partially covered in iridescent
                  | scales. (AC +2) [potion of mutation]
  7442 | D:8      | Gained mutation: You are agile. (Dex +2) [potion of
                  | mutation]
  7443 | D:8      | Lost mutation: You are agile. (Dex +2) [potion of mutation]
  7443 | D:8      | Lost mutation: You are partially covered in iridescent
                  | scales. (AC +2) [potion of mutation]
  7443 | D:8      | Gained mutation: You are agile. (Dex +2) [potion of
                  | mutation]
  7443 | D:8      | Gained mutation: You are very agile. (Dex +4) [potion of
                  | mutation]
  7444 | D:8      | Lost mutation: You are very agile. (Dex +4) [potion of
                  | mutation]
  7444 | D:8      | Lost mutation: You are agile. (Dex +2) [potion of mutation]
  7444 | D:8      | Gained mutation: Your magical capacity is low. (-10% MP)
                  | [potion of mutation]
  7444 | D:8      | Gained mutation: You are resistant to electric shocks.
                  | (rElec) [potion of mutation]
  7444 | D:8      | Gained mutation: You have sharp fingernails. [potion of
                  | mutation]
  7461 | D:9      | Noticed a two-headed ogre
  7475 | D:9      | Killed a two-headed ogre
  8107 | D:9      | Reached XP level 11. HP: 93/93 MP: 14/14
  8466 | D:9      | Found a hazy altar of Hepliaklqana.
  8591 | D:9      | Reached *** piety under Yredelemnul
  8718 | D:10     | Entered Level 10 of the Dungeon
  8721 | D:10     | Noticed Erolcha
  8726 | D:10     | Paralysed by a hornet for 3 turns
  8740 | D:10     | Killed Erolcha
  9005 | D:10     | Noticed Joseph
  9015 | D:10     | Killed Joseph
  9015 | D:10     | Reached skill level 13 in Axes
  9117 | D:10     | Noticed a two-headed ogre
  9133 | D:10     | Killed a two-headed ogre
  9188 | D:10     | Found a staircase to the Lair.
  9235 | D:10     | Found a transporter.
  9235 | D:10     | Noticed Reshi88's ghost (journeyman DDEE)
  9237 | D:10     | Found a transporter.
  9409 | D:10     | Received a gift from Yredelemnul (a mummy)
  9463 | D:10     | Reached skill level 5 in Invocations
  9488 | D:10     | Killed Reshi88's ghost
  9885 | D:11     | Noticed a cyclops
  9888 | D:11     | Received a gift from Yredelemnul (a mummy)
  9901 | D:11     | Killed a cyclops
 10084 | D:11     | Found a flagged portal.
 10169 | Bailey   | Entered a bailey
 10177 | Bailey   | Reached XP level 12. HP: 94/103 MP: 12/15
 10236 | Bailey   | Reached **** piety under Yredelemnul
 10315 | Bailey   | Received a gift from Yredelemnul (a wight)
 10588 | Bailey   | Received a gift from Yredelemnul (a mummy)
 10823 | D:11     | Reached skill level 14 in Axes
 11202 | D:11     | Reached ***** piety under Yredelemnul
 11202 | D:11     | Received a gift from Yredelemnul (a wight)
 11448 | D:11     | Found a staircase to the Orcish Mines.
 11575 | D:11     | Noticed a two-headed ogre
 11585 | D:11     | Killed a two-headed ogre
 11782 | D:11     | Paralysed by a hornet for 2 turns
 12179 | D:12     | Found a shadowy altar of Dithmenos.
 12264 | D:12     | Received a gift from Yredelemnul (a vampire)
 12588 | D:13     | Noticed a two-headed ogre
 12601 | D:13     | Killed a two-headed ogre
 12622 | D:13     | Noticed a fire dragon
 12702 | D:13     | Reached skill level 15 in Axes
 12744 | D:13     | Received a gift from Yredelemnul (a wraith)
 12937 | D:13     | Killed from afar by a fire dragon

Skill      XL: |  1  2  3  4  5  6  7  8  9 10 11 12 |
---------------+-------------------------------------+-----
Fighting       | 4 5 6 7 8 9 |  9.9
Axes           | 3 4 5 6 7 9 11 12 13 15 | 15.0
Shields        | 4 5 6 7 8 9 |  9.3
Armour         | 4 5 6 7 8 9 |  9.8
Dodging        | 1 2 3 |  3.4
Evocations     | 1 3 5 6 7 8 |  8.5
Invocations    | 3 5 6 |  6.9

Action                   |  1- 3 |  4- 6 |  7- 9 | 10-12 || total
-------------------------+-------+-------+-------+-------++-------
Melee: War axe           |    56 |   181 |   327 |   704 ||  1268
Invok: Animate Remains   |       |       |       |    33 ||    33
       Injury Mirror     |       |       |       |     1 ||     1
       Animate Dead      |       |       |       |    36 ||    36
       Recall Undead Sla |       |       |       |     2 ||     2
       Enslave Soul      |       |       |       |     1 ||     1
Evoke: Wand              |       |       |     2 |     8 ||    10
  Use: Scroll            |       |    10 |     9 |    12 ||    31
       Potion            |       |       |     2 |     9 ||    11
 Stab: Distracted        |       |       |       |     4 ||     4
  Eat: Chunk             |       |     6 |     8 |    19 ||    33
       Ration            |       |       |     1 |     7 ||     8
Armor: Scale mail        |    28 |    84 |    27 |       ||   139
       Ring mail         |       |       |    20 |       ||    20
       Plate armour      |       |       |    55 |       ||    55
       Chain mail        |       |       |    43 |   260 ||   303
Dodge: Dodged            |    23 |    52 |    79 |   258 ||   412
Block: Shield            |    26 |    88 |   141 |   509 ||   764
